Inferno vs Harfangs
Created - 12 janvier 2014 at 21:49
Goals
|
| Inferno |
1 |
1 |
1 |
0 |
2 |
4 |
| Harfangs |
2 |
1 |
0 |
0 |
1 |
3 |
|
Shots
|
| Inferno |
13 |
13 |
5 |
0 |
3 |
31 |
| Harfangs |
17 |
11 |
6 |
3 |
3 |
37 |
|
1st period
1. Harfangs , Eric Godard 16 (Boyd Gordon, Marek Schwarz) at 11:55
2. Harfangs , Eric Godard 17 (Boyd Gordon, Alexandre Picard) at 12:38
3. Inferno , Jonathan Ferland 28 (Brad Marchand, Vladimir Zharkov) at 18:57
Penalties :
Stephane Da Costa (BEA) for Hooking (Minor) at 4:44, Boyd Gordon (BEA) for High sticking (Minor) at 9:26, Brad Marchand (Anc) for Hooking (Minor) at 14:26
2nd period
4. Harfangs , Colton Orr 7 (Alexandre Picard, Victor Bartley) at 8:58
5. Inferno , Brian Boyle 15 (Alex Berry, Pierre-Luc Létourneau) at 19:11
Penalties :
Jake Dowell (Anc) for Hooking (Minor) at 13:42
3rd period
6. Inferno , Jonathan Ferland 29 (Mark Mitera, Brad Marchand) at 1:42
Penalties :
Yannick Weber (Anc) for Cross-checking (Minor) at 3:11, Brian Boyle (Anc) for Roughing (Minor) at 12:01, Peter Olvecky (BEA) for Holding (Minor) at 15:03, Jake Dowell (Anc) for Hooking (Minor) at 19:08
Overtime #1
No Goal
Penalties :
No Penalty
Shootout
Penalty Shot by Jake Dowell for Inferno - Goal!
Penalty Shot by Eric Godard for Harfangs - Stopped by Josh Harding
Penalty Shot by Colin Wilson for Inferno - Goal!
Penalty Shot by Pavel Vorobiev for Harfangs - Goal!
Penalty Shot by Jonathan Ferland for Inferno - Stopped by Marek Schwarz
Penalty Shot by Boyd Gordon for Harfangs - Stopped by Josh Harding
Penalties :
No Penalty
Goalie Stats
Josh Harding (Anc), 34 saves from 37 shots - (0,919), W, 20-5-3, 65:00 minutes
Marek Schwarz (BEA), 28 saves from 31 shots - (0,903), OTL, 4-6-1, 65:00 minutes
Players Stats for Inferno
Player Name G A P +/- PIM S H SB GA TA FO MP PP MP PK MP
------------------------------------------------------------------------------------
Alex Berry 0 1 1 1 0 0 1 0 0 0 0/0 10:03 0:00 0:00
Brad Marchand 0 2 2 1 2 0 5 0 1 1 0/1 20:49 3:16 1:24
Brendan Mikkelson 0 0 0 2 0 0 3 0 1 1 0/0 23:23 2:47 4:12
Brendan Smith 0 0 0 -2 0 3 1 1 0 0 0/0 30:21 3:10 5:43
Brian Boyle 1 0 1 1 2 3 2 2 2 1 3/8 16:00 0:00 4:33
Colin Wilson 0 0 0 0 0 2 0 0 0 0 7/14 15:22 2:41 0:37
Jake Dowell 0 0 0 1 4 2 2 0 0 0 9/33 21:45 3:06 2:18
Jonathan Ferland 2 0 2 1 0 5 1 0 0 0 1/1 22:38 3:16 4:50
Jozef Balej 0 0 0 0 0 1 0 2 1 1 0/0 12:30 0:10 0:00
Lauri Korpikoski 0 0 0 0 0 5 2 1 0 0 0/1 15:05 2:41 0:03
Mark Mitera 0 1 1 2 0 0 0 1 0 0 0/0 20:25 0:00 4:12
Matt Kassian 0 0 0 -2 0 1 1 0 0 0 0/1 8:49 0:00 0:00
Pierre-Luc Létourneau 0 1 1 1 0 0 1 0 0 0 1/1 13:19 0:00 2:10
Ryan McGinnis 0 0 0 -2 0 4 2 4 0 0 0/0 29:43 3:10 5:43
Vladimir Sobotka 0 0 0 -2 0 0 1 1 0 0 0/6 11:36 0:00 2:47
Vladimir Zharkov 0 1 1 -2 0 5 1 1 0 1 0/0 11:30 2:41 0:00
Yannick Weber 0 0 0 0 2 0 0 0 0 0 0/0 15:57 2:47 0:00
Zach Redmond 0 0 0 0 0 0 1 0 0 0 0/0 10:45 0:00 0:00
Players Stats for Harfangs
Player Name G A P +/- PIM S H SB GA TA FO MP PP MP PK MP
------------------------------------------------------------------------------------
Alex Killorn 0 0 0 -1 0 0 1 0 0 0 0/2 11:00 0:08 0:00
Alexandre Picard 0 2 2 2 0 3 3 0 0 0 0/0 23:22 3:27 1:34
Boyd Gordon 0 2 2 0 2 3 1 0 1 0 20/32 23:06 4:58 1:22
Brian Lashoff 0 0 0 -1 0 0 1 0 0 0 0/0 12:48 0:00 0:00
Colton Orr 1 0 1 1 0 5 0 0 0 1 0/0 8:41 0:10 0:00
Dustin Jeffrey 0 0 0 -1 0 1 0 0 0 0 1/1 13:56 3:47 0:34
Eric Godard 2 0 2 0 0 5 3 0 1 1 6/8 25:13 4:52 3:18
James Wisniewski 0 0 0 -1 0 1 1 0 0 0 0/0 28:42 5:20 4:23
Janne Niskala 0 0 0 -1 0 4 0 2 0 1 0/0 28:41 5:20 4:23
Luca Caputi 0 0 0 1 0 1 1 0 0 0 1/1 7:08 0:00 0:00
Matt Keith 0 0 0 0 0 0 2 0 0 0 0/0 12:41 0:00 0:00
Nick Holden 0 0 0 -1 0 1 0 1 0 0 0/0 13:05 0:00 0:00
Pavel Vorobiev 0 0 0 0 0 3 1 1 2 1 2/2 21:46 3:47 3:18
Peter Olvecky 0 0 0 0 2 6 2 0 0 0 2/2 21:29 4:52 0:16
Petri Kontiola 0 0 0 0 0 0 2 1 1 0 11/15 16:28 3:47 0:00
Stefan Ruzicka 0 0 0 -1 0 1 3 0 0 0 0/0 12:38 0:00 1:49
Stephane Da Costa 0 0 0 1 2 3 0 0 0 0 2/3 9:54 0:00 1:17
Victor Bartley 0 1 1 2 0 0 1 3 0 1 0/0 23:22 3:27 1:34
3 Stars
1 - Jonathan Ferland (Anc)
2 - Eric Godard (BEA)
3 - Alexandre Picard (BEA)
Power Play
Inferno - 0 on 3 Attempt(s) - 0,00%
Harfangs - 0 on 5 Attempt(s) - 0,00%
Penalty Kill
Inferno - 5 on 5 Attempt(s) - 100,00%
- Score 0 goal in Penalty Kill
Harfangs - 3 on 3 Attempt(s) - 100,00%
- Score 0 goal in Penalty Kill
Official
Referees : Furlatt Eric and Martell Rob
Linesman : Thor Nelson and Tony Sericolo
Game Notes
No Game Note
Finance
Level 1 -- Attendance: 1386 (69,30%) -- Ticket Income 41 580 $
Level 2 -- Attendance: 779 (77,90%) -- Ticket Income 11 685 $
Total Attendance: 2165 (72,17%)
Total Ticket Income: 53 265 $
Other Income: 2 663 $
Total Income: 55 928 $
Inferno
5 vs 5 Forward
Center Left Wing Right Wing Time % Phy DF OF
1 Jake Dowell Brad Marchand Jonathan Ferland 40 1 2 2
2 Colin Wilson Lauri Korpikoski Jozef Balej 30 1 2 2
3 Brian Boyle Pierre-Luc Létourneau Alex Berry 20 1 2 2
4 Vladimir Sobotka Matt Kassian Vladimir Zharkov 10 1 2 2
5 vs 5 Defense
Defense Defense Time % Phy DF OF
1 Brendan Smith Ryan McGinnis 40 1 2 2
2 Mark Mitera Brendan Mikkelson 30 1 2 2
3 Yannick Weber Zach Redmond 20 1 2 2
4 Brendan Smith Ryan McGinnis 10 1 2 2
PowerPlay Forward
Center Left Wing Right Wing Time % Phy DF OF
1 Jake Dowell Brad Marchand Jonathan Ferland 60 1 2 2
2 Colin Wilson Lauri Korpikoski Vladimir Zharkov 40 1 2 2
PowerPlay Defense
Defense Defense Time % Phy DF OF
1 Brendan Smith Ryan McGinnis 60 1 2 2
2 Yannick Weber Brendan Mikkelson 40 1 2 2
Penalty Kill 4 Players Forward
Center Wing Time % Phy DF OF
1 Brian Boyle Jonathan Ferland 60 1 3 1
2 Jake Dowell Pierre-Luc Létourneau 40 1 3 1
Penalty Kill 4 Players Defense
Defense Defense Time % Phy DF OF
1 Brendan Smith Ryan McGinnis 60 1 3 1
2 Mark Mitera Brendan Mikkelson 40 1 3 1
Penalty Kill - 3 Players Forward
Forward Time % Phy DF OF
1 Brian Boyle 60 1 4 0
2 Jake Dowell 40 1 4 0
Penalty Kill - 3 Players Defense
Defense Defense Time % Phy DF OF
1 Brendan Smith Ryan McGinnis 60 1 4 0
2 Mark Mitera Brendan Mikkelson 40 1 4 0
4 vs 4 Forward
Center Wing Time % Phy DF OF
1 Jake Dowell Brad Marchand 60 1 2 2
2 Colin Wilson Jonathan Ferland 40 1 2 2
4 vs 4 Defense
Defense Defense Time % Phy DF OF
1 Brendan Smith Ryan McGinnis 60 1 2 2
2 Yannick Weber Brendan Mikkelson 40 1 2 2
Last Minutes Offensive
Center Left Wing Right Wing Defense Defense
Jake Dowell Brad Marchand Jonathan Ferland Brendan Smith Ryan McGinnis
Last Minutes Defensive
Center Left Wing Right Wing Defense Defense
Jake Dowell Brad Marchand Jonathan Ferland Brendan Smith Ryan McGinnis
Goaltenders
Starting : Josh Harding
Backup : Jonathan Boutin
Extra Forwards
Normal : Jake Dowell, Pierre-Luc Létourneau, Jozef Balej - PP : Jozef Balej, Pierre-Luc Létourneau - PK : Vladimir Sobotka
Extra Defensemen
Normal : Brendan Smith, Brendan Mikkelson, Mark Mitera - PP : Yannick Weber - PK : Brendan Mikkelson, Yannick Weber
Penalty Shots
Jake Dowell, Colin Wilson, Jonathan Ferland, Brad Marchand, Vladimir Zharkov
Harfangs
5 vs 5 Forward
Center Left Wing Right Wing Time % Phy DF OF
1 Boyd Gordon Peter Olvecky Eric Godard 40 1 2 2
2 Petri Kontiola Matt Keith Pavel Vorobiev 30 1 2 2
3 Alex Killorn Dustin Jeffrey Stefan Ruzicka 20 1 2 2
4 Stephane Da Costa Luca Caputi Colton Orr 10 1 2 2
5 vs 5 Defense
Defense Defense Time % Phy DF OF
1 James Wisniewski Janne Niskala 40 1 2 2
2 Alexandre Picard Victor Bartley 30 1 2 2
3 Nick Holden Brian Lashoff 20 1 2 2
4 James Wisniewski Janne Niskala 10 1 2 2
PowerPlay Forward
Center Left Wing Right Wing Time % Phy DF OF
1 Boyd Gordon Peter Olvecky Eric Godard 60 1 2 2
2 Petri Kontiola Dustin Jeffrey Pavel Vorobiev 40 1 2 2
PowerPlay Defense
Defense Defense Time % Phy DF OF
1 James Wisniewski Janne Niskala 60 1 2 2
2 Alexandre Picard Victor Bartley 40 1 2 2
Penalty Kill 4 Players Forward
Center Wing Time % Phy DF OF
1 Eric Godard Pavel Vorobiev 60 1 2 2
2 Boyd Gordon Stefan Ruzicka 40 1 2 2
Penalty Kill 4 Players Defense
Defense Defense Time % Phy DF OF
1 James Wisniewski Janne Niskala 60 1 2 2
2 Alexandre Picard Victor Bartley 40 1 2 2
Penalty Kill - 3 Players Forward
Forward Time % Phy DF OF
1 Eric Godard 60 1 2 2
2 Pavel Vorobiev 40 1 2 2
Penalty Kill - 3 Players Defense
Defense Defense Time % Phy DF OF
1 James Wisniewski Janne Niskala 60 1 2 2
2 Alexandre Picard Victor Bartley 40 1 2 2
4 vs 4 Forward
Center Wing Time % Phy DF OF
1 Eric Godard Pavel Vorobiev 60 1 2 2
2 Boyd Gordon Stefan Ruzicka 40 1 2 2
4 vs 4 Defense
Defense Defense Time % Phy DF OF
1 James Wisniewski Janne Niskala 60 1 2 2
2 Alexandre Picard Victor Bartley 40 1 2 2
Last Minutes Offensive
Center Left Wing Right Wing Defense Defense
Boyd Gordon Peter Olvecky Eric Godard James Wisniewski Janne Niskala
Last Minutes Defensive
Center Left Wing Right Wing Defense Defense
Boyd Gordon Peter Olvecky Eric Godard James Wisniewski Janne Niskala
Goaltenders
Starting : Marek Schwarz
Backup : Ray Emery
Extra Forwards
Normal : Colton Orr, Alex Killorn, Stephane Da Costa - PP : Colton Orr, Alex Killorn - PK : Stephane Da Costa
Extra Defensemen
Normal : Nick Holden, Brian Lashoff, Alexandre Picard - PP : Nick Holden - PK : Brian Lashoff, Alexandre Picard
Penalty Shots
Eric Godard, Pavel Vorobiev, Boyd Gordon, Stefan Ruzicka, Colton Orr
% Time on Ice - Inferno
Lines # - Real PCT - Wanted PCT - Time Play
Normal Forward
1 - 34% - 40% - 15:19
2 - 25% - 30% - 11:30
3 - 21% - 20% - 9:38
4 - 19% - 10% - 8:49
Normal Defense
1 - 40% - 40% - 17:53
2 - 34% - 30% - 15:26
3 - 24% - 20% - 10:45
4 - 3% - 10% - 1:12
PP Forward
1 - 55% - 60% - 3:16
2 - 45% - 40% - 2:41
PP Defense
1 - 53% - 60% - 3:10
2 - 47% - 40% - 2:47
PK Forward
1 - 75% - 60% - 6:37
2 - 25% - 40% - 2:10
PK Defense
1 - 58% - 60% - 5:06
2 - 42% - 40% - 3:41
PK3 Forward
1 - 69% - 60% - 0:47
2 - 31% - 40% - 0:21
PK3 Defense
1 - 54% - 60% - 0:37
2 - 46% - 40% - 0:31
44 Forward
1 - 78% - 60% - 3:01
2 - 22% - 40% - 0:51
44 Defense
1 - 45% - 60% - 1:45
2 - 55% - 40% - 2:07
Last Minute Offensive - 0:00
Last Minute Defensive - 0:00
Total
Forward - 65:00
Defense - 65:00
|
% Time on Ice - Harfangs
Lines # - Real PCT - Wanted PCT - Time Play
Normal Forward
1 - 35% - 40% - 15:45
2 - 28% - 30% - 12:43
3 - 21% - 20% - 9:40
4 - 16% - 10% - 7:08
Normal Defense
1 - 35% - 40% - 15:42
2 - 35% - 30% - 16:02
3 - 28% - 20% - 12:39
4 - 2% - 10% - 0:53
PP Forward
1 - 57% - 60% - 5:00
2 - 43% - 40% - 3:47
PP Defense
1 - 61% - 60% - 5:20
2 - 39% - 40% - 3:27
PK Forward
1 - 69% - 60% - 4:08
2 - 31% - 40% - 1:49
PK Defense
1 - 74% - 60% - 4:23
2 - 26% - 40% - 1:34
PK3 Forward
1 - 0% - 60%
2 - 0% - 40%
PK3 Defense
1 - 0% - 60%
2 - 0% - 40%
44 Forward
1 - 78% - 60% - 3:53
2 - 22% - 40% - 1:07
44 Defense
1 - 54% - 60% - 2:41
2 - 46% - 40% - 2:19
Last Minute Offensive - 0:00
Last Minute Defensive - 0:00
Total
Forward - 65:00
Defense - 65:00
|
Play by Play
1st period
0:01 of 1st period - Boyd Gordon wins face-off versus Jake Dowell in neutral zone.
0:04 of 1st period - Snap shot by Janne Niskala.
0:04 of 1st period - Shot Misses the Net.
0:41 of 1st period - Off-side.
0:42 of 1st period - Petri Kontiola wins face-off versus Colin Wilson in neutral zone.
0:44 of 1st period - Off-side.
0:45 of 1st period - Pavel Vorobiev wins face-off versus Colin Wilson in neutral zone.
1:15 of 1st period - Colton Orr is hit by Brian Boyle and loses puck.
1:31 of 1st period - Off-side.
1:32 of 1st period - Boyd Gordon wins face-off versus Vladimir Sobotka in neutral zone.
1:34 of 1st period - Off-side.
1:35 of 1st period - Boyd Gordon wins face-off versus Vladimir Sobotka in neutral zone.
1:58 of 1st period - Slapshot by Boyd Gordon.
1:58 of 1st period - Shot Misses the Net.
2:00 of 1st period - Wrist shot by Eric Godard.
2:00 of 1st period - Shot Misses the Net.
3:00 of 1st period - Snap shot by Peter Olvecky.
3:00 of 1st period - Shot Misses the Net.
3:02 of 1st period - Slapshot by Nick Holden.
3:02 of 1st period - Shot Misses the Net.
3:04 of 1st period - Snap shot by Peter Olvecky.
3:04 of 1st period - Deflect By Boyd Gordon.
3:04 of 1st period - Shot Blocked by Vladimir Zharkov.
3:04 of 1st period - Puck is out of play.
3:05 of 1st period - Petri Kontiola wins face-off versus Colin Wilson in Inferno zone.
3:24 of 1st period - Icing by Pavel Vorobiev.
3:25 of 1st period - Petri Kontiola wins face-off versus Jake Dowell in Harfangs zone.
3:50 of 1st period - James Wisniewski is hit by Brendan Mikkelson and loses puck.
4:01 of 1st period - Slapshot by Alexandre Picard.
4:01 of 1st period - Shot Misses the Net.
4:21 of 1st period - Snap shot by Colton Orr.
4:21 of 1st period - Stopped by Josh Harding without a rebound.
4:22 of 1st period - Jake Dowell wins face-off versus Petri Kontiola in Inferno zone.
4:44 of 1st period - Minor Penalty to Stephane Da Costa for Hooking.
4:45 of 1st period - Eric Godard wins face-off versus Jake Dowell in Harfangs zone.
5:40 of 1st period - Icing by Colin Wilson.
5:41 of 1st period - Eric Godard wins face-off versus Colin Wilson in Inferno zone.
5:56 of 1st period - Slapshot by Jonathan Ferland.
5:56 of 1st period - Stopped by Marek Schwarz with a rebound.
6:19 of 1st period - Brendan Mikkelson is hit by Stefan Ruzicka and loses puck.
6:44 of 1st period - Penalty to Stephane Da Costa is over, Stephane Da Costa is back on ice.
6:50 of 1st period - Snap shot by Brian Boyle.
6:50 of 1st period - Shot Misses the Net.
7:27 of 1st period - Slapshot by Alex Killorn.
7:27 of 1st period - Shot Misses the Net.
7:29 of 1st period - Snap shot by Stefan Ruzicka.
7:29 of 1st period - Stopped by Josh Harding with a rebound.
7:47 of 1st period - Janne Niskala is hit by Brian Boyle.
7:53 of 1st period - Brendan Smith is hit by Matt Keith and loses puck.
8:03 of 1st period - Icing by Alex Berry.
8:04 of 1st period - Brian Boyle wins face-off versus Alex Killorn in Inferno zone.
8:16 of 1st period - Slapshot by Stefan Ruzicka.
8:16 of 1st period - Shot Misses the Net.
8:18 of 1st period - Slapshot by Victor Bartley.
8:18 of 1st period - Shot Misses the Net.
9:03 of 1st period - Snap shot by Colton Orr.
9:03 of 1st period - Shot Blocked by Jozef Balej.
9:05 of 1st period - Wrist shot by Stephane Da Costa.
9:05 of 1st period - Stopped by Josh Harding with a rebound.
9:07 of 1st period - Snap shot by Alexandre Picard.
9:07 of 1st period - Shot Misses the Net.
9:09 of 1st period - Wrist shot by Stephane Da Costa.
9:09 of 1st period - Stopped by Josh Harding with a rebound.
9:11 of 1st period - Snap shot by Colton Orr.
9:11 of 1st period - Stopped by Josh Harding with a rebound.
9:13 of 1st period - Wrist shot by Luca Caputi.
9:13 of 1st period - Stopped by Josh Harding without a rebound.
9:14 of 1st period - Boyd Gordon wins face-off versus Jake Dowell in Inferno zone.
9:15 of 1st period - Wrist shot by Eric Godard.
9:15 of 1st period - Stopped by Josh Harding without a rebound.
9:16 of 1st period - Boyd Gordon wins face-off versus Jake Dowell in Inferno zone.
9:22 of 1st period - Icing by Jonathan Ferland.
9:23 of 1st period - Jake Dowell wins face-off versus Boyd Gordon in Inferno zone.
9:23 of 1st period - Jake Dowell is hit by Eric Godard.
9:26 of 1st period - Minor Penalty to Boyd Gordon for High sticking.
9:27 of 1st period - Pavel Vorobiev wins face-off versus Jake Dowell in Harfangs zone.
9:53 of 1st period - Icing by Brad Marchand.
9:54 of 1st period - Stephane Da Costa wins face-off versus Lauri Korpikoski in Inferno zone.
10:03 of 1st period - Snap shot by Vladimir Zharkov.
10:03 of 1st period - Stopped by Marek Schwarz without a rebound.
10:04 of 1st period - Jake Dowell wins face-off versus Eric Godard in Harfangs zone.
10:21 of 1st period - Alexandre Picard is hit by Brad Marchand.
10:37 of 1st period - Snap shot by Vladimir Zharkov.
10:37 of 1st period - Shot Blocked by Janne Niskala.
10:39 of 1st period - Slapshot by Ryan McGinnis.
10:39 of 1st period - Deflect By Janne Niskala.
10:39 of 1st period - Stopped by Marek Schwarz with a rebound.
10:41 of 1st period - Wrist shot by Lauri Korpikoski.
10:41 of 1st period - Stopped by Marek Schwarz with a rebound.
11:26 of 1st period - Penalty to Boyd Gordon is over, Boyd Gordon is back on ice.
11:33 of 1st period - Pavel Vorobiev is hit by Alex Berry and loses puck.
11:55 of 1st period - Snap shot by Eric Godard.
11:55 of 1st period - Goal by Eric Godard - Inferno : 0 - Harfangs : 1.
11:56 of 1st period - Jonathan Ferland wins face-off versus Boyd Gordon in neutral zone.
12:03 of 1st period - Slapshot by Jonathan Ferland.
12:03 of 1st period - Stopped by Marek Schwarz without a rebound.
12:04 of 1st period - Jake Dowell wins face-off versus Boyd Gordon in Harfangs zone.
12:14 of 1st period - Icing by Eric Godard.
12:15 of 1st period - Eric Godard wins face-off versus Jake Dowell in Harfangs zone.
12:22 of 1st period - Wrist shot by Boyd Gordon.
12:22 of 1st period - Shot Misses the Net.
12:24 of 1st period - Slapshot by Alexandre Picard.
12:24 of 1st period - Stopped by Josh Harding with a rebound.
12:26 of 1st period - Slapshot by Peter Olvecky.
12:26 of 1st period - Shot Misses the Net.
12:38 of 1st period - Snap shot by Eric Godard.
12:38 of 1st period - Goal by Eric Godard - Inferno : 0 - Harfangs : 2.
12:39 of 1st period - Petri Kontiola wins face-off versus Jake Dowell in neutral zone.
12:42 of 1st period - Snap shot by Jonathan Ferland.
12:42 of 1st period - Shot Misses the Net.
12:44 of 1st period - Wrist shot by Jake Dowell.
12:44 of 1st period - Shot Misses the Net.
12:46 of 1st period - Wrist shot by Jake Dowell.
12:46 of 1st period - Stopped by Marek Schwarz with a rebound.
12:48 of 1st period - Slapshot by Ryan McGinnis.
12:48 of 1st period - Stopped by Marek Schwarz with a rebound.
12:50 of 1st period - Snap shot by Ryan McGinnis.
12:50 of 1st period - Stopped by Marek Schwarz with a rebound.
12:52 of 1st period - Slapshot by Ryan McGinnis.
12:52 of 1st period - Stopped by Marek Schwarz with a rebound.
12:54 of 1st period - Snap shot by Jonathan Ferland.
12:54 of 1st period - Shot Misses the Net.
13:15 of 1st period - Snap shot by Brian Boyle.
13:15 of 1st period - Stopped by Marek Schwarz with a rebound.
13:17 of 1st period - Slapshot by Brendan Smith.
13:17 of 1st period - Shot Blocked by Nick Holden.
13:27 of 1st period - Petri Kontiola is hit by Brendan Mikkelson and loses puck.
13:34 of 1st period - Snap shot by Colin Wilson.
13:34 of 1st period - Deflect By Lauri Korpikoski.
13:34 of 1st period - Stopped by Marek Schwarz with a rebound.
13:53 of 1st period - Slapshot by Janne Niskala.
13:53 of 1st period - Shot Blocked by Mark Mitera.
13:55 of 1st period - Wrist shot by Janne Niskala.
13:55 of 1st period - Shot Blocked by Vladimir Sobotka.
13:57 of 1st period - Slapshot by Pavel Vorobiev.
13:57 of 1st period - Stopped by Josh Harding without a rebound.
13:58 of 1st period - Jake Dowell wins face-off versus Boyd Gordon in Inferno zone.
14:05 of 1st period - Wrist shot by Brad Marchand.
14:05 of 1st period - Shot Misses the Net.
14:07 of 1st period - Wrist shot by Jonathan Ferland.
14:07 of 1st period - Shot Misses the Net.
14:09 of 1st period - Wrist shot by Brad Marchand.
14:09 of 1st period - Deflect By Jonathan Ferland.
14:09 of 1st period - Shot Misses the Net.
14:09 of 1st period - Puck is out of play.
14:10 of 1st period - Boyd Gordon wins face-off versus Jake Dowell in Harfangs zone.
14:16 of 1st period - Icing by Eric Godard.
14:17 of 1st period - Boyd Gordon wins face-off versus Jake Dowell in Harfangs zone.
14:17 of 1st period - Boyd Gordon is hit by Brad Marchand.
14:26 of 1st period - Minor Penalty to Brad Marchand for Hooking.
14:27 of 1st period - Brian Boyle wins face-off versus Boyd Gordon in Inferno zone.
14:40 of 1st period - Slapshot by James Wisniewski.
14:40 of 1st period - Shot Blocked by Ryan McGinnis.
14:50 of 1st period - Ryan McGinnis is hit by Peter Olvecky and loses puck.
15:15 of 1st period - Slapshot by Boyd Gordon.
15:15 of 1st period - Stopped by Josh Harding with a rebound.
15:36 of 1st period - Off-side.
15:37 of 1st period - Dustin Jeffrey wins face-off versus Brian Boyle in neutral zone.
16:06 of 1st period - Icing by Alexandre Picard.
16:07 of 1st period - Petri Kontiola wins face-off versus Jake Dowell in Harfangs zone.
16:16 of 1st period - Slapshot by Jake Dowell.
16:16 of 1st period - Shot Blocked by Pavel Vorobiev.
16:26 of 1st period - Penalty to Brad Marchand is over, Brad Marchand is back on ice.
16:36 of 1st period - Slapshot by James Wisniewski.
16:36 of 1st period - Deflect By Brendan Mikkelson.
16:36 of 1st period - Stopped by Josh Harding with a rebound.
16:40 of 1st period - Wrist shot by Colton Orr.
16:40 of 1st period - Shot Misses the Net.
16:42 of 1st period - Snap shot by Stephane Da Costa.
16:42 of 1st period - Deflect By Colton Orr.
16:42 of 1st period - Stopped by Josh Harding without a rebound.
16:43 of 1st period - Colin Wilson wins face-off versus Alex Killorn in Inferno zone.
17:19 of 1st period - Snap shot by Vladimir Zharkov.
17:19 of 1st period - Stopped by Marek Schwarz without a rebound.
17:20 of 1st period - Boyd Gordon wins face-off versus Jake Dowell in Harfangs zone.
17:26 of 1st period - Slapshot by Janne Niskala.
17:26 of 1st period - Stopped by Josh Harding with a rebound.
17:36 of 1st period - Snap shot by Jonathan Ferland.
17:36 of 1st period - Shot Misses the Net.
18:19 of 1st period - Snap shot by Brian Boyle.
18:19 of 1st period - Shot Misses the Net.
18:21 of 1st period - Slapshot by Mark Mitera.
18:21 of 1st period - Shot Blocked by Victor Bartley.
18:30 of 1st period - Off-side.
18:31 of 1st period - Eric Godard wins face-off versus Vladimir Sobotka in neutral zone.
18:41 of 1st period - Wrist shot by Eric Godard.
18:41 of 1st period - Stopped by Josh Harding with a rebound.
18:57 of 1st period - Snap shot by Jonathan Ferland.
18:57 of 1st period - Goal by Jonathan Ferland - Inferno : 1 - Harfangs : 2.
18:58 of 1st period - Peter Olvecky wins face-off versus Brad Marchand in neutral zone.
19:23 of 1st period - Matt Keith is hit by Brendan Smith and loses puck.
19:32 of 1st period - Wrist shot by Petri Kontiola.
19:32 of 1st period - Shot Blocked by Ryan McGinnis.
19:34 of 1st period - Slapshot by Alexandre Picard.
19:34 of 1st period - Stopped by Josh Harding with a rebound.
2nd period
0:01 of 2nd period - Boyd Gordon wins face-off versus Jake Dowell in neutral zone.
0:04 of 2nd period - Jake Dowell is hit by Eric Godard and loses puck.
0:12 of 2nd period - Icing by Brendan Smith.
0:13 of 2nd period - Jake Dowell wins face-off versus Boyd Gordon in Inferno zone.
0:48 of 2nd period - Dustin Jeffrey is hit by Jake Dowell and loses puck.
0:55 of 2nd period - Snap shot by Jonathan Ferland.
0:55 of 2nd period - Stopped by Marek Schwarz with a rebound.
0:57 of 2nd period - Slapshot by Brendan Smith.
0:57 of 2nd period - Deflect By Stefan Ruzicka.
0:57 of 2nd period - Stopped by Marek Schwarz with a rebound.
0:59 of 2nd period - Wrist shot by Brad Marchand.
0:59 of 2nd period - Shot Blocked by Victor Bartley.
1:01 of 2nd period - Slapshot by Brendan Smith.
1:01 of 2nd period - Stopped by Marek Schwarz with a rebound.
1:03 of 2nd period - Snap shot by Jake Dowell.
1:03 of 2nd period - Stopped by Marek Schwarz without a rebound.
1:04 of 2nd period - Colin Wilson wins face-off versus Boyd Gordon in Harfangs zone.
1:57 of 2nd period - Wrist shot by Stefan Ruzicka.
1:57 of 2nd period - Shot Misses the Net.
2:00 of 2nd period - Icing by Matt Kassian.
2:01 of 2nd period - Boyd Gordon wins face-off versus Vladimir Sobotka in Inferno zone.
2:12 of 2nd period - Wrist shot by Peter Olvecky.
2:12 of 2nd period - Stopped by Josh Harding with a rebound.
2:30 of 2nd period - Snap shot by Vladimir Sobotka.
2:30 of 2nd period - Shot Misses the Net.
2:32 of 2nd period - Snap shot by Vladimir Zharkov.
2:32 of 2nd period - Stopped by Marek Schwarz with a rebound.
2:34 of 2nd period - Wrist shot by Vladimir Zharkov.
2:34 of 2nd period - Stopped by Marek Schwarz with a rebound.
2:50 of 2nd period - Wrist shot by Vladimir Zharkov.
2:50 of 2nd period - Stopped by Marek Schwarz without a rebound.
2:51 of 2nd period - Petri Kontiola wins face-off versus Jake Dowell in Harfangs zone.
2:51 of 2nd period - Petri Kontiola is hit by Brad Marchand.
3:16 of 2nd period - Lauri Korpikoski is hit by Boyd Gordon and loses puck.
3:42 of 2nd period - Alexandre Picard is hit by Brad Marchand and loses puck.
4:03 of 2nd period - Snap shot by Colton Orr.
4:03 of 2nd period - Shot Blocked by Brian Boyle.
4:15 of 2nd period - Snap shot by Jozef Balej.
4:15 of 2nd period - Shot Misses the Net.
4:17 of 2nd period - Wrist shot by Colin Wilson.
4:17 of 2nd period - Shot Misses the Net.
4:19 of 2nd period - Slapshot by Lauri Korpikoski.
4:19 of 2nd period - Stopped by Marek Schwarz with a rebound.
5:03 of 2nd period - Dustin Jeffrey is hit by Vladimir Zharkov and loses puck.
5:26 of 2nd period - Snap shot by Colton Orr.
5:26 of 2nd period - Shot Misses the Net.
5:54 of 2nd period - Icing by Colin Wilson.
5:55 of 2nd period - Petri Kontiola wins face-off versus Colin Wilson in Inferno zone.
6:22 of 2nd period - Snap shot by Colin Wilson.
6:22 of 2nd period - Shot Misses the Net.
6:24 of 2nd period - Slapshot by Colin Wilson.
6:24 of 2nd period - Shot Misses the Net.
6:26 of 2nd period - Wrist shot by Lauri Korpikoski.
6:26 of 2nd period - Stopped by Marek Schwarz with a rebound.
6:30 of 2nd period - Snap shot by Colin Wilson.
6:30 of 2nd period - Stopped by Marek Schwarz with a rebound.
6:32 of 2nd period - Wrist shot by Lauri Korpikoski.
6:32 of 2nd period - Deflect By Jozef Balej.
6:32 of 2nd period - Shot Misses the Net.
6:32 of 2nd period - Puck is out of play.
6:33 of 2nd period - Petri Kontiola wins face-off versus Jake Dowell in Harfangs zone.
7:04 of 2nd period - Snap shot by Brian Boyle.
7:04 of 2nd period - Stopped by Marek Schwarz with a rebound.
7:06 of 2nd period - Slapshot by Brendan Smith.
7:06 of 2nd period - Stopped by Marek Schwarz with a rebound.
7:25 of 2nd period - Icing by Ryan McGinnis.
7:26 of 2nd period - Luca Caputi wins face-off versus Brian Boyle in Inferno zone.
7:27 of 2nd period - Wrist shot by Stephane Da Costa.
7:27 of 2nd period - Shot Misses the Net.
7:34 of 2nd period - Off-side.
7:35 of 2nd period - Boyd Gordon wins face-off versus Jake Dowell in neutral zone.
7:38 of 2nd period - Slapshot by Janne Niskala.
7:38 of 2nd period - Stopped by Josh Harding without a rebound.
7:39 of 2nd period - Peter Olvecky wins face-off versus Jake Dowell in Inferno zone.
7:42 of 2nd period - Snap shot by Peter Olvecky.
7:42 of 2nd period - Stopped by Josh Harding without a rebound.
7:43 of 2nd period - Boyd Gordon wins face-off versus Jake Dowell in Inferno zone.
7:44 of 2nd period - Snap shot by Eric Godard.
7:44 of 2nd period - Stopped by Josh Harding with a rebound.
8:54 of 2nd period - Slapshot by Alexandre Picard.
8:54 of 2nd period - Stopped by Josh Harding with a rebound.
8:56 of 2nd period - Slapshot by Alexandre Picard.
8:56 of 2nd period - Shot Misses the Net.
8:58 of 2nd period - Wrist shot by Alexandre Picard.
8:58 of 2nd period - Deflect By Colton Orr.
8:58 of 2nd period - Goal by Colton Orr - Inferno : 1 - Harfangs : 3.
8:59 of 2nd period - Boyd Gordon wins face-off versus Jake Dowell in neutral zone.
9:57 of 2nd period - Snap shot by Dustin Jeffrey.
9:57 of 2nd period - Stopped by Josh Harding with a rebound.
10:13 of 2nd period - Snap shot by Vladimir Sobotka.
10:13 of 2nd period - Deflect By Vladimir Zharkov.
10:13 of 2nd period - Shot Misses the Net.
10:13 of 2nd period - Puck is out of play.
10:14 of 2nd period - Stephane Da Costa wins face-off versus Vladimir Sobotka in Harfangs zone.
10:39 of 2nd period - Peter Olvecky is hit by Jonathan Ferland and loses puck.
11:43 of 2nd period - Slapshot by Stephane Da Costa.
11:43 of 2nd period - Stopped by Josh Harding with a rebound.
11:45 of 2nd period - Slapshot by Stephane Da Costa.
11:45 of 2nd period - Shot Misses the Net.
11:47 of 2nd period - Slapshot by Victor Bartley.
11:47 of 2nd period - Deflect By Colton Orr.
11:47 of 2nd period - Stopped by Josh Harding with a rebound.
11:49 of 2nd period - Wrist shot by Colton Orr.
11:49 of 2nd period - Shot Misses the Net.
12:30 of 2nd period - James Wisniewski is hit by Lauri Korpikoski and loses puck.
12:47 of 2nd period - Ryan McGinnis is hit by Alex Killorn.
13:11 of 2nd period - Off-side.
13:12 of 2nd period - Colin Wilson wins face-off versus Boyd Gordon in neutral zone.
13:25 of 2nd period - Slapshot by Peter Olvecky.
13:25 of 2nd period - Stopped by Josh Harding without a rebound.
13:26 of 2nd period - Petri Kontiola wins face-off versus Jake Dowell in Inferno zone.
13:27 of 2nd period - Snap shot by Pavel Vorobiev.
13:27 of 2nd period - Stopped by Josh Harding without a rebound.
13:28 of 2nd period - Petri Kontiola wins face-off versus Jake Dowell in Inferno zone.
13:42 of 2nd period - Minor Penalty to Jake Dowell for Hooking.
13:43 of 2nd period - Brian Boyle wins face-off versus Boyd Gordon in Inferno zone.
13:56 of 2nd period - Slapshot by James Wisniewski.
13:56 of 2nd period - Shot Misses the Net.
14:47 of 2nd period - Icing by Pavel Vorobiev.
14:48 of 2nd period - Pierre-Luc Létourneau wins face-off versus Petri Kontiola in Harfangs zone.
15:37 of 2nd period - Jonathan Ferland is hit by Peter Olvecky and loses puck.
15:42 of 2nd period - Penalty to Jake Dowell is over, Jake Dowell is back on ice.
15:50 of 2nd period - Wrist shot by Vladimir Zharkov.
15:50 of 2nd period - Shot Misses the Net.
17:05 of 2nd period - Jozef Balej is hit by Brian Lashoff and loses puck.
17:16 of 2nd period - Wrist shot by Vladimir Zharkov.
17:16 of 2nd period - Shot Blocked by Petri Kontiola.
17:50 of 2nd period - Slapshot by Alexandre Picard.
17:50 of 2nd period - Shot Blocked by Ryan McGinnis.
18:06 of 2nd period - Dustin Jeffrey is hit by Matt Kassian and loses puck.
18:21 of 2nd period - Off-side.
18:22 of 2nd period - Petri Kontiola wins face-off versus Colin Wilson in neutral zone.
18:31 of 2nd period - Brendan Smith is hit by Pavel Vorobiev and loses puck.
19:11 of 2nd period - Wrist shot by Brian Boyle.
19:11 of 2nd period - Goal by Brian Boyle - Inferno : 2 - Harfangs : 3.
19:12 of 2nd period - Jake Dowell wins face-off versus Boyd Gordon in neutral zone.
19:17 of 2nd period - Snap shot by Brad Marchand.
19:17 of 2nd period - Shot Blocked by Victor Bartley.
3rd period
0:01 of 3rd period - Boyd Gordon wins face-off versus Jake Dowell in neutral zone.
0:43 of 3rd period - Victor Bartley is hit by Lauri Korpikoski and loses puck.
1:38 of 3rd period - Wrist shot by Jonathan Ferland.
1:38 of 3rd period - Shot Misses the Net.
1:40 of 3rd period - Snap shot by Mark Mitera.
1:40 of 3rd period - Shot Misses the Net.
1:42 of 3rd period - Wrist shot by Jonathan Ferland.
1:42 of 3rd period - Goal by Jonathan Ferland - Inferno : 3 - Harfangs : 3.
1:43 of 3rd period - Jake Dowell wins face-off versus Boyd Gordon in neutral zone.
1:46 of 3rd period - Janne Niskala is hit by Ryan McGinnis and loses puck.
2:15 of 3rd period - Wrist shot by Brendan Smith.
2:15 of 3rd period - Deflect By Jozef Balej.
2:15 of 3rd period - Shot Misses the Net.
2:15 of 3rd period - Puck is out of play.
2:16 of 3rd period - Colin Wilson wins face-off versus Petri Kontiola in Harfangs zone.
2:41 of 3rd period - Eric Godard is hit by Brad Marchand.
2:45 of 3rd period - Slapshot by Boyd Gordon.
2:45 of 3rd period - Stopped by Josh Harding with a rebound.
3:11 of 3rd period - Minor Penalty to Yannick Weber for Cross-checking.
3:12 of 3rd period - Boyd Gordon wins face-off versus Brian Boyle in Inferno zone.
3:15 of 3rd period - Wrist shot by Boyd Gordon.
3:15 of 3rd period - Stopped by Josh Harding with a rebound.
3:25 of 3rd period - Slapshot by Janne Niskala.
3:25 of 3rd period - Shot Misses the Net.
3:27 of 3rd period - Slapshot by Janne Niskala.
3:27 of 3rd period - Deflect By Peter Olvecky.
3:27 of 3rd period - Stopped by Josh Harding with a rebound.
5:04 of 3rd period - Pierre-Luc Létourneau is hit by Alexandre Picard and loses puck.
5:11 of 3rd period - Penalty to Yannick Weber is over, Yannick Weber is back on ice.
5:23 of 3rd period - Slapshot by Brian Boyle.
5:23 of 3rd period - Shot Misses the Net.
5:59 of 3rd period - Brendan Mikkelson is hit by Stefan Ruzicka and loses puck.
7:28 of 3rd period - Pierre-Luc Létourneau is hit by Luca Caputi.
7:40 of 3rd period - Yannick Weber is hit by James Wisniewski and loses puck.
7:51 of 3rd period - Lauri Korpikoski is hit by Petri Kontiola and loses puck.
8:34 of 3rd period - Ryan McGinnis is hit by Victor Bartley and loses puck.
8:49 of 3rd period - Snap shot by Pierre-Luc Létourneau.
8:49 of 3rd period - Shot Misses the Net.
8:51 of 3rd period - Slapshot by Alex Berry.
8:51 of 3rd period - Shot Misses the Net.
8:53 of 3rd period - Wrist shot by Jake Dowell.
8:53 of 3rd period - Shot Misses the Net.
9:03 of 3rd period - Vladimir Zharkov is hit by Stefan Ruzicka and loses puck.
9:10 of 3rd period - Alex Killorn is hit by Vladimir Sobotka.
9:36 of 3rd period - Wrist shot by Boyd Gordon.
9:36 of 3rd period - Shot Misses the Net.
9:38 of 3rd period - Wrist shot by Peter Olvecky.
9:38 of 3rd period - Stopped by Josh Harding without a rebound.
9:39 of 3rd period - Colin Wilson wins face-off versus Petri Kontiola in Inferno zone.
9:46 of 3rd period - Brian Lashoff is hit by Zach Redmond and loses puck.
10:49 of 3rd period - Nick Holden is hit by Jake Dowell.
10:53 of 3rd period - Brad Marchand is hit by Petri Kontiola and loses puck.
11:22 of 3rd period - Off-side.
11:23 of 3rd period - Colin Wilson wins face-off versus Boyd Gordon in neutral zone.
11:37 of 3rd period - Snap shot by Lauri Korpikoski.
11:37 of 3rd period - Stopped by Marek Schwarz with a rebound.
11:39 of 3rd period - Snap shot by Jozef Balej.
11:39 of 3rd period - Stopped by Marek Schwarz with a rebound.
11:49 of 3rd period - Pierre-Luc Létourneau is hit by Matt Keith and loses puck.
12:01 of 3rd period - Minor Penalty to Brian Boyle for Roughing.
12:02 of 3rd period - Boyd Gordon wins face-off versus Vladimir Sobotka in Inferno zone.
12:53 of 3rd period - Snap shot by Pavel Vorobiev.
12:53 of 3rd period - Stopped by Josh Harding without a rebound.
12:54 of 3rd period - Boyd Gordon wins face-off versus Jake Dowell in Inferno zone.
14:01 of 3rd period - Penalty to Brian Boyle is over, Brian Boyle is back on ice.
14:28 of 3rd period - Slapshot by Alex Killorn.
14:28 of 3rd period - Shot Blocked by Brian Boyle.
14:46 of 3rd period - Snap shot by Matt Kassian.
14:46 of 3rd period - Stopped by Marek Schwarz without a rebound.
14:47 of 3rd period - Boyd Gordon wins face-off versus Matt Kassian in Harfangs zone.
15:03 of 3rd period - Minor Penalty to Peter Olvecky for Holding.
15:04 of 3rd period - Colin Wilson wins face-off versus Eric Godard in Harfangs zone.
15:15 of 3rd period - Janne Niskala is hit by Brendan Mikkelson and loses puck.
15:20 of 3rd period - Slapshot by Colin Wilson.
15:20 of 3rd period - Stopped by Marek Schwarz without a rebound.
15:21 of 3rd period - Eric Godard wins face-off versus Jake Dowell in Harfangs zone.
15:21 of 3rd period - Eric Godard is hit by Ryan McGinnis.
17:03 of 3rd period - Penalty to Peter Olvecky is over, Peter Olvecky is back on ice.
17:17 of 3rd period - Alex Berry is hit by Alexandre Picard and loses puck.
17:34 of 3rd period - Icing by Nick Holden.
17:35 of 3rd period - Boyd Gordon wins face-off versus Colin Wilson in Harfangs zone.
19:08 of 3rd period - Minor Penalty to Jake Dowell for Hooking.
19:09 of 3rd period - Boyd Gordon wins face-off versus Brian Boyle in Inferno zone.
19:10 of 3rd period - Wrist shot by Eric Godard.
19:10 of 3rd period - Shot Misses the Net.
19:12 of 3rd period - Wrist shot by Boyd Gordon.
19:12 of 3rd period - Shot Blocked by Brendan Smith.
19:14 of 3rd period - Slapshot by Janne Niskala.
19:14 of 3rd period - Deflect By Brian Boyle.
19:14 of 3rd period - Stopped by Josh Harding with a rebound.
Overtime #1
0:01 of 1st overtime period - Eric Godard wins face-off versus Brian Boyle in neutral zone.
1:08 of 1st overtime period - Penalty to Jake Dowell is over, Jake Dowell is back on ice.
2:03 of 1st overtime period - Snap shot by Peter Olvecky.
2:03 of 1st overtime period - Stopped by Josh Harding with a rebound.
2:05 of 1st overtime period - Snap shot by Peter Olvecky.
2:05 of 1st overtime period - Deflect By Stephane Da Costa.
2:05 of 1st overtime period - Shot Misses the Net.
2:05 of 1st overtime period - Puck is out of play.
2:06 of 1st overtime period - Jake Dowell wins face-off versus Stephane Da Costa in Inferno zone.
2:39 of 1st overtime period - Wrist shot by Ryan McGinnis.
2:39 of 1st overtime period - Shot Blocked by Janne Niskala.
2:59 of 1st overtime period - Yannick Weber is hit by Eric Godard.
3:15 of 1st overtime period - Eric Godard is hit by Pierre-Luc Létourneau and loses puck.
3:24 of 1st overtime period - Jozef Balej is hit by Alexandre Picard and loses puck.
3:55 of 1st overtime period - Wrist shot by Colin Wilson.
3:55 of 1st overtime period - Shot Misses the Net.
4:05 of 1st overtime period - Slapshot by Alexandre Picard.
4:05 of 1st overtime period - Shot Blocked by Ryan McGinnis.
4:34 of 1st overtime period - Slapshot by Stephane Da Costa.
4:34 of 1st overtime period - Shot Blocked by Lauri Korpikoski.
4:36 of 1st overtime period - Wrist shot by Stephane Da Costa.
4:36 of 1st overtime period - Shot Blocked by Jozef Balej.
4:38 of 1st overtime period - Snap shot by Nick Holden.
4:38 of 1st overtime period - Stopped by Josh Harding with a rebound.
4:40 of 1st overtime period - Slapshot by Janne Niskala.
4:40 of 1st overtime period - Stopped by Josh Harding with a rebound.
ShootOut
5:00 of 1st overtime period - Penalty Shot by Jake Dowell for Inferno.
5:00 of 1st overtime period - Wrist shot by Jake Dowell.
5:00 of 1st overtime period - Goal by Jake Dowell.
5:00 of 1st overtime period - Penalty Shot by Eric Godard for Harfangs.
5:00 of 1st overtime period - Snap shot by Eric Godard.
5:00 of 1st overtime period - Stopped by Josh Harding.
5:00 of 1st overtime period - Penalty Shot by Colin Wilson for Inferno.
5:00 of 1st overtime period - Wrist shot by Colin Wilson.
5:00 of 1st overtime period - Goal by Colin Wilson.
5:00 of 1st overtime period - Penalty Shot by Pavel Vorobiev for Harfangs.
5:00 of 1st overtime period - Deke by Pavel Vorobiev.
5:00 of 1st overtime period - Goal by Pavel Vorobiev.
5:00 of 1st overtime period - Penalty Shot by Jonathan Ferland for Inferno.
5:00 of 1st overtime period - Snap shot by Jonathan Ferland.
5:00 of 1st overtime period - Stopped by Marek Schwarz.
5:00 of 1st overtime period - Penalty Shot by Boyd Gordon for Harfangs.
5:00 of 1st overtime period - Deke by Boyd Gordon.
5:00 of 1st overtime period - Stopped by Josh Harding.
Output by the SimonT Hockey Simulator (STHS) for François Prévost -- Original Page W3C XHTML 1.0 Valid